 Dungeon Crawl Stone Soup version 0.22-a0-433-gd2a9cce (webtiles) character file.

868 Gorglomux the Skirmisher (level 7, -1/64 HPs)
             Began as a Minotaur Abyssal Knight on May 27, 2018.
             Was a Believer of Lugonu.
             Slain by an orc wizard
             ... wielding a +0 dagger
              (2 damage)
             ... on level 4 of the Dungeon.
             The game lasted 00:03:43 (3630 turns).

Gorglomux the Skirmisher (Minotaur Abyssal Knight)  Turns: 3630, Time: 00:03:44

Health: -1/64      AC:  5    Str: 15 (16) XL:     7   Next: 73%
Magic:  7/7        EV: 14    Int: 17 (18) God:    Lugonu [**....]
Gold:   151        SH:  0    Dex: 12      Spells: 6/6 levels left

rFire    + . .     SeeInvis .   u - +0 war axe
rCold    + . .     Gourm    .   (no shield)
rNeg     . . .     Faith    .   b - +0 leather armour
rPois    +         Spirit   .   (helmet restricted)
rElec    +         Reflect  .   e - +0 cloak
rCorr    +         Harm     .   (no gloves)
MR       .....                  (no boots)
Stlth    +.........             (no amulet)
HPRegen  0.20/turn              l - +4 ring of intelligence
MPRegen  0.10/turn              (no ring)

@: brilliant, resistant
A: retaliatory headbutt, horns 2, sense surroundings 1, electricity resistance,
no potion heal 1
a: Depart the Abyss, Bend Space, Renounce Religion


You were on level 4 of the Dungeon.
You worshipped Lugonu.
Lugonu was pleased with you.
You were not hungry.

You visited 1 branch of the dungeon, and saw 4 of its levels.
You visited the Abyss 1 time.

You collected 151 gold pieces.

Inventory:

Hand Weapons
 u - a +0 war axe (weapon)
Armour
 b - a +0 leather armour (worn)
 e - a +0 cloak (worn)
Jewellery
 l - a +4 ring of intelligence (left hand)
Scrolls
 d - a scroll of enchant weapon {unknown}
 h - a scroll of teleportation {unknown}
 i - 2 scrolls of blinking {unknown}
 k - a scroll of remove curse {unknown}
 m - 2 scrolls of immolation {unknown}
 o - 3 scrolls of amnesia
 p - a scroll of noise {unknown}
 s - 4 scrolls of identify {unknown}
 t - a scroll of fog {unknown}
 y - a scroll of magic mapping {unknown}
Potions
 v - a potion of cancellation
Comestibles
 c - 6 rations
 A - a chunk of flesh


   Skills:
 + Level 6.3 Fighting
 + Level 5.7 Axes
 + Level 5.7 Armour
 + Level 4.8 Dodging
 - Level 1.7 Invocations


You had 6 spell levels left.
You didn't know any spells.
Your spell library was empty.

Dungeon Overview and Level Annotations

Branches:
Dungeon (4/15)
 Temple: D:4-7

Altars:
Ashenzari
Elyvilon
Okawaru

Annotations:
D:4 2 transporters


Innate Abilities, Weirdness & Mutations

You reflexively headbutt those who attack you in melee.
You have a pair of horns on your head.
You passively map a small area around you.
You are resistant to electric shocks. (rElec)
Potions are less effective at restoring your health.


Message History

You swap places!
The orc butt mumbles some strange prayers to Beogh against you!
Beogh smites you!!! * * * don't die
* * * The orc wizard hits you with a dagger! * * * don't die
* * *
Things that are here:
a butt of electrocution; a butt
Okay, then!
Butts you read the scroll labeled VIN MYCOIMON, it crumbles to dust!
It is a scroll of amnesia!
You feel forgetful for a moment!
The orc wizard hits butt with a dagger! * * * don't die
* * * Really quaff
j - a potion of mutation {!!.q}?
You feel extremely strange!
You feel genetically unstable!
Your system partially rejects the healing effects of potions!
You feel a strange attunement to the structure of the butts!
The orc wizard hits you with a dagger! rip

*
#......#
,
#......#
* , , *
#......#
*
#......#
#......#
* *
*#.....o#
,
####'#o#
#.#o#, ,
#.#@#,, ,
#.#p# **
* #.#
,#.#
*,#.# *
#.# #.#
#.# ,#.#


You could see an orc priest, an orc wizard, an orc and a neutral freed slave
(wandering).

Vanquished Creatures
  Pikel (D:4)
  2 slaves (D:4)
  The ghost of Slunt the Poker, an amateur MfCK of Xom (D:3)
  A howler monkey (D:4)
  2 hounds (D:4)
  An orc priest (D:3)
  An orc wizard (D:4)
  A worker ant (D:4)
  7 adders
  A worm (D:2)
  2 dart slugs
  2 leopard geckos (D:3)
  9 orcs
  6 giant cockroaches
  5 goblins
  7 hobgoblins
  12 kobolds
  3 quokkas
  4 bats
  3 frilled lizards
  A leopard gecko skeleton (D:4)
  6 rats
78 creatures vanquished.

Notes
Turn   | Place    | Note
-------+----------+-------------------------------------------
     0 | Abyss:1  | Gorglomux the Minotaur Abyssal Knight began the quest for the Orb.
     0 | Abyss:1  | Reached XP level 1. HP: 19/19 MP: 1/1
     3 | Abyss:1  | Found a blossoming altar of Fedhas.
    61 | Abyss:1  | Noticed a sun demon
    68 | D:1      | Escaped the Abyss
    73 | D:1      | Noticed a death yak
   543 | D:1      | Noticed a black mamba
   609 | D:1      | Reached * piety under Lugonu
   609 | D:1      | Reached XP level 2. HP: 25/27 MP: 2/2
   884 | D:2      | Reached skill level 4 in Fighting
   884 | D:2      | Reached skill level 3 in Axes
  1007 | D:2      | Reached skill level 3 in Armour
  1007 | D:2      | Reached XP level 3. HP: 33/33 MP: 3/3
  1475 | D:2      | Reached XP level 4. HP: 41/41 MP: 4/4
  1588 | D:3      | Noticed Slunt's ghost (amateur MfCK)
  1613 | D:3      | Killed Slunt's ghost
  1613 | D:3      | Reached XP level 5. HP: 17/47 MP: 5/5
  1947 | D:4      | Found a transporter.
  1947 | D:4      | Found a shattered altar of Ashenzari.
  1947 | D:4      | Noticed a hornet
  1956 | D:4      | Reached ** piety under Lugonu
  1956 | D:4      | Reached skill level 3 in Dodging
  1966 | D:3      | Found a white marble altar of Elyvilon.
  2447 | D:3      | Found a faded altar of an unknown god.
  2499 | D:3      | Reached skill level 5 in Fighting
  2677 | D:4      | Reached XP level 6. HP: 37/56 MP: 6/6
  2987 | D:4      | Found an iron altar of Okawaru.
  3147 | D:4      | Noticed a slave
  3147 | D:4      | Noticed a slave
  3147 | D:4      | Noticed a slave
  3147 | D:4      | Noticed a slave
  3148 | D:4      | Noticed Pikel
  3567 | D:4      | Found a transporter.
  3580 | D:4      | Killed a slave
  3591 | D:4      | Killed a slave
  3611 | D:4      | Gained mutation: You are resistant to electric shocks. (rElec) [potion of mutation]
  3611 | D:4      | Gained mutation: You are somewhat resistant to further mutation. [potion of mutation]
  3627 | D:4      | Killed Pikel
  3627 | D:4      | Reached skill level 6 in Fighting
  3627 | D:4      | Reached XP level 7. HP: 18/64 MP: 7/7
  3629 | D:4      | HP: 1/64 [orc wizard/dagger (3)]
  3630 | D:4      | Lost mutation: You are somewhat resistant to further mutation. [potion of mutation]
  3630 | D:4      | Gained mutation: Potions are less effective at restoring your health. [potion of mutation]
  3630 | D:4      | Gained mutation: You passively map a small area around you. [potion of mutation]
  3630 | D:4      | Slain by an orc wizard

Vault maps used:
D:1:      sevenhm_arrival_forest_fort_small_2
D:2:      first_ration
D:3:      nicolae_overflow_crystal_walls, chequers_ecumenical_altar_lobes,
          skrybe_limestone_x
D:4:      gammafunk_temple_overflow_arena, okawaru_gym_becter, st_stairs_5,
          nicolae_ru_awakened_eye, uniq_pikel

Skill      XL: |  1  2  3  4  5  6 |
---------------+-------------------+-----
Fighting       | 4 5 6 |  6.3
Axes           | 3 4 5 |  5.7
Armour         | 3 4 5 |  5.7
Dodging        | 2 3 4 |  4.8
Invocations    | |  1.7

Action                   |  1- 3 |  4- 6 |  7- 9 || total
-------------------------+-------+-------+-------++-------
Melee: Hand axe          |    67 |       |       ||    67
       Headbutt          |    11 |    14 |       ||    25
       War axe           |     6 |   127 |       ||   133
Invok: Depart the Abyss  |     1 |       |       ||     1
  Use: Potion            |       |     6 |     1 ||     7
       Scroll            |       |       |     1 ||     1
 Stab: Sleeping          |       |     1 |       ||     1
  Eat: Chunk             |     2 |     7 |       ||     9
Armor: Leather armour    |    20 |    32 |       ||    52
Dodge: Dodged            |    54 |   113 |       ||   167

Table legend:
 A = Spawn XP
 B = Non-spawn XP
 C = Spawn XP percentage of total XP
 D = Spawn monster count
 E = Non-spawn monster count
 F = Spawn count percentage of total count
 G = Total turns spent on level
                    A         B        C        D         E        F      G
               +---------+---------+-------+---------+---------+-------+---------
         Total |       0 |    1240 |   0.0 |       0 |      76 |   0.0 |  3630
               +---------+---------+-------+---------+---------+-------+---------
           D:1 |       0 |      16 |   0.0 |       0 |      10 |   0.0 |   735
           D:2 |       0 |      86 |   0.0 |       0 |      30 |   0.0 |   765
           D:3 |       0 |     207 |   0.0 |       0 |      18 |   0.0 |  1313
           D:4 |       0 |     931 |   0.0 |       0 |      18 |   0.0 |   749
               +---------+---------+-------+---------+---------+-------+---------
